 Dungeon Crawl Stone Soup version 0.31.0-11-ge490571c62 (webtiles) character file.

Game seed: 2572422763947079315

37 qw the Shooter (level 3, 0/20 HPs)
             Began as a Deep Elf Hunter on Feb 4, 2024.
             Slain by a goblin
             ... wielding a +0 club
             ... led by Robin
              (4 damage)
             ... on level 2 of the Dungeon.
             The game lasted 00:00:02 (690 turns).

qw the Shooter (Deep Elf Hunter)                     Turns: 690, Time: 00:00:03

Health: 0/20       AC:  6    Str: 10    XL:     3   Next: 23%
Magic:  5/5        EV:  9    Int: 13    God:
Gold:   45         SH:  0    Dex: 18    Spells: 2/2 levels left

rFire   . . .        a - +1 shortbow
rCold   . . .        (shield currently unavailable)
rNeg    . . .        h - +0 scale mail
rPois   .            (no helmet)
rElec   .            (no cloak)
rCorr   .            (no gloves)
SInv    .            (no boots)
Will    .....        (no amulet)
Stlth   +            (no ring)
HPRegen 0.23/turn    (no ring)
MPRegen 0.09/turn

%: no passive effects
@: no status effects
A: no striking features
a: no special abilities


You were on level 2 of the Dungeon.
You visited 1 branch of the dungeon, and saw 2 of its levels.

You collected 45 gold pieces.


   Skills:
 - Level 1.5 Fighting
 + Level 6.8 Ranged Weapons
 - Level 2.4 Dodging
 - Level 1.2 Stealth


You had 2 spell levels left.
You didn't know any spells.
Your spell library was empty.

Inventory:

Hand Weapons
 a - a +1 shortbow (weapon)
Armour
 h - a +0 scale mail (worn)
Potions
 d - a potion of mutation
 f - a potion of curing
 k - a potion of brilliance {unknown}

Dungeon Overview and Level Annotations

Branches:
Dungeon (2/15)

Altars:

Annotations:
D:2 Robin


Message History

You kill the ball python!
A goblin comes into view. It is wielding a +0 club.
You shoot an arrow. The arrow barely misses the hobgoblin.
A goblin comes into view. It is wielding a +0 dagger.
The goblin closely misses you. The hobgoblin closely misses you.
You shoot an arrow. The arrow barely misses the hobgoblin.
The goblin shouts!
The arrow hits the ball python but does no damage.
The hobgoblin misses you.
Robin of the Strong Arm comes into view.
They are wielding a +0 club.
The goblin hits you but does no damage.
You shoot an arrow. The arrow closely misses the hobgoblin.
The ball python bites you but does no damage.
The ball python closely misses you. The goblin closely misses you.
The goblin hits you but does no damage.
A hobgoblin comes into view.
The ball python bites you but does no damage.
The ball python grabs you. The ball python constricts you.
The goblin hits you with a +0 club. The hobgoblin hits you.
The goblin hits you with a +0 club. The goblin hits you but does no damage.
You shoot an arrow. The arrow hits the ball python.
You kill the ball python!
The goblin hits you but does no damage. The hobgoblin misses you.
The goblin hits you but does no damage. The goblin barely misses you.
You shoot an arrow. The arrow hits the hobgoblin.
The hobgoblin is severely wounded.
The hobgoblin closely misses you. The goblin hits you with a +0 club. x2
The goblin closely misses you. The goblin hits you but does no damage.
You shoot an arrow. The arrow hits the hobgoblin.
You kill the hobgoblin!
The goblin misses you. Robin throws the goblin at you! The goblin misses you.
The goblin hits you but does no damage. The goblin hits you with a +0 club.
The goblin barely misses you. The goblin hits you with a +0 club.
The goblin hits you but does no damage. The goblin closely misses you.
The goblin barely misses you. The goblin hits you but does no damage.
You shoot an arrow. The arrow hits the goblin.
The goblin is severely wounded.
The goblin barely misses you. x3; Robin throws the goblin at you!
The goblin hits you with a +0 club.
You die...

... ...
####.##..
.....)) #....)#
.....+ #.g..#
#gg.g# #g@g.#
#gg..#####.#
###..........#
##.....#####...
#....#.#
#..#.#.#####
#..........+
#.##.#.#####
#.##.#.#


You could see Robin, a hobgoblin and 6 goblins.

Vanquished Creatures
  5 bats
  6 endoplasms (D:1)
  2 giant cockroaches (D:1)
  8 goblins
  2 hobgoblins (D:2)
  A kobold (D:1)
  3 ball pythons (D:2)
  2 frilled lizards
  2 rats (D:1)
31 creatures vanquished.

Notes
Turn   | Place    | Note
-------+----------+-------------------------------------------
     0 | D:1      | qw the Deep Elf Hunter began the quest for the Orb.
     0 | D:1      | Reached XP level 1. HP: 12/12 MP: 3/3
     0 | D:1      | 0 ||| qw: Version: 0.3-a-160-g6735b56
     0 | D:1      | 0 ||| qw: Game counter: 4461
     0 | D:1      | 0 ||| qw: Melee chars always use a shield: true
     0 | D:1      | 0 ||| qw: God list: Okawaru
     0 | D:1      | 0 ||| qw: Allow faded altars: false
     0 | D:1      | 0 ||| qw: Do Orc after clearing Dungeon:15 true
     0 | D:1      | 0 ||| qw: Do second Lair branch before Depths: true
     0 | D:1      | 0 ||| qw: Lair rune preference: random
     0 | D:1      | 0 ||| qw: Goals: Normal
     0 | D:1      | 0 ||| PLANNING D:1-11
     3 | D:1      | Noticed an electric eel
     4 | D:1      | Noticed an electric eel
    97 | D:1      | Reached skill level 6 in Ranged Weapons
    97 | D:1      | Reached XP level 2. HP: 16/16 MP: 4/4
   595 | D:1      | 595 ||| UPGRADING to +0 scale mail.
   605 | D:1      | 605 ||| DROPPING +0 leather armour.
   606 | D:1      | 606 ||| READING scroll labelled JEYLOMI MUVIN.
   607 | D:1      | 607 ||| READING scroll labelled QUJEP HUGRIRGH.
   607 | D:1      | 607 ||| IDENTIFYING sapphire potion
   608 | D:1      | 608 ||| READING scroll labelled QEAQOJ OCRO.
   611 | D:1      | 611 ||| READING scroll labelled ZUMINY UDUSAECI.
   611 | D:1      | 611 ||| ENCHANTING +0 shortbow.
   612 | D:1      | 612 ||| DRINKING 2 red potions.
   613 | D:1      | 613 ||| DROPPING scroll of butterflies.
   677 | D:2      | Reached XP level 3. HP: 20/20 MP: 5/5
   685 | D:2      | Noticed Robin
   689 | D:2      | HP: 4/20 [goblin/+0 club[Robin] (2)]
   690 | D:2      | Slain by a goblin

Levels and vault maps discovered:
D:1:      arrival_aquarium_b, layout_rooms
D:2:      layout_basic, amcnicky_mini_pool_small, uniq_robin, uniq_terence,
          uniq_crazy_yiuf_cottage

Skill      XL: |  1 |
---------------+----+-----
Ranged Weapons | 6 |  6.8
Fighting       | |  1.5
Dodging        | |  2.4
Stealth        | |  1.2

Action                     || total
---------------------------++-------
   Fire: Shortbow          ||    77
    Use: Scroll            ||     4
         Potion            ||     1
 Armour: Leather armour    ||    14
         Scale mail        ||    21
  Dodge: Dodged            ||    36

Table legend:
 A = Non-vault XP
 B = Vault XP
 C = Vault XP percentage of total XP
 D = Non-vault monster count
 E = Vault monster count
 F = Vault count percentage of total count
                 A         B        C        D         E       F
            +---------+---------+-------+---------+---------+-------
      Total |      45 |       9 |  16.7 |      26 |       5 |  16.1
            +---------+---------+-------+---------+---------+-------
        D:1 |      33 |       0 |   0.0 |      19 |       0 |   0.0
        D:2 |      12 |       9 |  42.9 |       7 |       5 |  41.7
            +---------+---------+-------+---------+---------+-------
